 Dungeon Crawl Stone Soup version 0.28.0-49-g6dfe1f597d (webtiles) character file.

Game seed: 152811698686211068

95 Zeld the Insei (level 4, -1/29 HPs)
             Began as an Octopode Transmuter on May 11, 2022.
             Slain by a killer bee (3 damage)
             ... on level 5 of the Dungeon.
             The game lasted 00:02:06 (3211 turns).

Zeld the Insei (Octopode Transmuter)                Turns: 3211, Time: 00:02:06

Health: -1/29      AC:  1    Str: 11    XL:     4   Next: 66%
Magic:  7/7        EV: 13    Int: 15    God:
Gold:   114        SH:  0    Dex: 12    Spells: 2/8 levels left

rFire   . . .      SeeInvis .     - Unarmed
rCold   . . .      Faith    .   (no shield)
rNeg    . . .      Spirit   .   (helmet restricted)
rPois   .          Reflect  .   (no amulet)
rElec   .          Harm     .   (no ring)
rCorr   .          Rampage  .   (no ring)
Will    .....                   (no ring)
Stlth   +++.......              (no ring)
HPRegen 0.09/turn               (no ring)
MPRegen 0.10/turn               (no ring)
                                (no ring)
                                (no ring)

@: no status effects
A: almost no armour, amphibious, 8 rings, camouflage 1, gelatinous body 1,
(nimble swimmer 1), tentacles
a: no special abilities


You were on level 5 of the Dungeon.
You visited 1 branch of the dungeon, and saw 4 of its levels.

You collected 114 gold pieces.

Inventory:

Scrolls
 a - a scroll of blinking {unknown}
 c - a scroll of enchant weapon {unknown}
 d - a scroll of identify {unknown}
 g - a scroll of magic mapping {unknown}
Potions
 b - a potion of might {unknown}
 e - a potion of flight {unknown}
 f - a potion of heal wounds {unknown}
 h - a potion of mutation {unknown}


   Skills:
 * Level 2.1 Fighting
 + Level 2.3 Dodging
 + Level 1.6 Stealth
 - Level 3.0 Unarmed Combat
 * Level 2.5 Spellcasting
 * Level 2.6 Transmutations
 + Level 1.2 Ice Magic
 + Level 1.3 Poison Magic


You had 2 spell levels left.
You knew the following spells:

 Your Spells              Type           Power      Damage    Failure   Level
a - Beastly Appendage     Tmut           18%        N/A       8%          1
b - Wereblood             Tmut           9%         N/A       11%         2
c - Spider Form           Tmut/Pois      7%         N/A       28%         3

Your spell library contained the following spells:

 Spells                   Type           Power      Damage    Failure   Level
 Ice Form                 Ice/Tmut       7%         N/A       67%         4


Dungeon Overview and Level Annotations

Branches:
Dungeon (3/15)

Altars:

Annotations:
D:2 1 runed translucent door, Crazy Yiuf


Innate Abilities, Weirdness & Mutations

You cannot wear most types of armour.
You are amphibious.
You can wear up to eight rings at the same time.
Your skin changes colour to match your surroundings (Stealth+).
Your rubbery body absorbs attacks. (AC +1, EV +1)
((You are camouflaged when in or above water. (Stealth+)))
You have tentacles for arms and can constrict up to eight enemies at once.


Message History

The killer bee stings you. x2; The killer bee misses you.
The killer bee barely misses you. The killer bee stings you.
Found a scroll labelled XIGRYS ACLUADO.
The ogre completely misses you.
There is an open door here.
The killer bee barely misses you. The killer bee barely misses you.
The killer bee closely misses you. The killer bee stings you.
The killer bee misses you. The killer bee closely misses you.
You open the door. The killer bee closely misses you.
The killer bee barely misses you.
There is an open door here.
You open the door.
A scorpion zombie comes into view.
The killer bee stings you. The killer bee misses you.
The killer bee barely misses you. The killer bee stings you!
There is an open door, spattered with blood here.
An orc priest comes into view. It is wielding a +0 hand axe.
The sentinel's mark upon you fades away.
An orc priest comes into view. It is wielding a +0 mace.
The orc priest moves out of view.
You tentacle-slap the scorpion zombie. You grab the scorpion zombie.
The scorpion zombie is lightly damaged.
You constrict the scorpion zombie. The killer bee stings you.
* * * LOW HITPOINT WARNING * * *
The scorpion zombie barely misses you.
An orc warrior comes into view. It is wielding a +0 glaive.
The killer bee stings you.
* * * LOW HITPOINT WARNING * * *
You release your grip on the scorpion zombie.
The scorpion zombie completely misses you.
The killer bee completely misses you.
Unknown command.
An orc comes into view. It is wielding a +0 flail.
The orc warrior misses you.
An orc comes into view. It is wielding a +0 dagger.
The killer bee closely misses you. The killer bee stings you.
You die...

#..... ..... . #..# ##
.#
##+####..##+####.###.##
.............?.........
..........Z....O.......
##..##'##..###..###+#
######.#######Z##
#.......@y.ZOl..#
#........yy.#...#
###....###..##.##
#....# #.o##+##
)....... #..o...#
...[.... #..o...# #..
..##..... #......# .. .
.. #.....##..o...#
###.. #..........o..#
#####


You could see an orc warrior, an ogre, an iguana, 3 killer bees, 2 orc priests,
an orc and 2 scorpion zombies.

Vanquished Creatures
  4 adders
  2 dart slugs
  9 ball pythons
  An endoplasm (D:2)
  6 giant cockroaches
  3 hobgoblins (D:2)
  4 jackals (D:2)
  3 quokkas
  5 bats
  4 frilled lizards (D:2)
  7 goblins
  3 kobolds
  5 rats
56 creatures vanquished.

Notes
Turn   | Place    | Note
-------+----------+-------------------------------------------
     0 | D:1      | Zeld the Octopode Transmuter began the quest for the Orb.
     0 | D:1      | Reached XP level 1. HP: 13/13 MP: 3/3
   490 | D:1      | Reached XP level 2. HP: 18/18 MP: 3/5
   559 | D:1      | Found a faded altar of an unknown god.
  1341 | D:2      | Reached skill level 1 in Stealth
  1341 | D:2      | Reached XP level 3. HP: 11/23 MP: 4/6
  1344 | D:2      | Learned a level 2 spell: Wereblood
  1348 | D:2      | Learned a level 3 spell: Spider Form
  2222 | D:2      | Reached skill level 1 in Poison Magic
  2245 | D:2      | Reached skill level 1 in Ice Magic
  2245 | D:2      | Reached XP level 4. HP: 26/29 MP: 5/7
  2347 | D:2      | Found a runed translucent door.
  2348 | D:2      | Noticed Crazy Yiuf
  2882 | D:3      | You fall into a shaft and drop 2 floors!
  2882 | D:5      | Entered Level 5 of the Dungeon
  3192 | D:5      | Noticed an ogre
  3208 | D:5      | Noticed an orc warrior
  3211 | D:5      | Slain by a killer bee

Illustrated notes

Levels and vault maps discovered:
D:1:      nzn_arrival_settlement, layout_loops_corners,
          dreamdust_ecumenical_altar_angels_and_demons
D:2:      layout_loops_ring, minmay_mini_jars, uniq_crazy_yiuf_cottage
D:3:      layout_rooms, nzn_overflow_gifts_of_might_and_magic, minivault_4,
          chequers_serial_rivers_small_a
D:5:      layout_gridville, okawaru_metal_pillars_1_2,
          cheibrodos_ashenzari_chains, grunt_dithmenos_smoke

Skill      XL: |  1  2  3  4 |
---------------+-------------+-----
Stealth        | 1 |  1.6
Poison Magic   | 1 |  1.3
Ice Magic      | 1 |  1.2
Fighting       | 2 |  2.1
Dodging        | |  2.3
Unarmed Combat | |  3.0
Spellcasting   | |  2.5
Transmutations | |  2.6

Action                   |  1- 3 |  4- 6 || total
-------------------------+-------+-------++-------
Melee: Unarmed           |    82 |    33 ||   115
       Constrict         |    29 |     8 ||    37
       Kick              |    19 |     7 ||    26
       Tentacles         |     8 |     5 ||    13
       Punch             |     1 |     2 ||     3
 Cast: Beastly Appendage |    27 |    10 ||    37
 Stab: Sleeping          |     1 |     1 ||     2
Armor: Skin              |     7 |     2 ||     9
Dodge: Dodged            |    69 |    39 ||   108
